 Dungeon Crawl Stone Soup version 0.30-a0-475-g03497ec522 (webtiles) character file.

Game seed: 12289671360769195086

150 kae the Firebug (level 5, -2/28 HPs)
             Began as a Tengu Fire Elementalist on Dec 20, 2022.
             Succumbed to a gnoll sergeant's poison
             ... on level 3 of the Dungeon.
             The game lasted 00:02:55 (2935 turns).

kae the Firebug (Tengu Fire Elementalist)           Turns: 2935, Time: 00:02:55

Health: -2/28      AC:  3    Str:  8    XL:     5   Next: 32%
Magic:  6/10       EV: 18    Int: 18    God:
Gold:   1098       SH:  0    Dex: 14    Spells: 3/9 levels left

rFire   . . .      SeeInvis .    j - +1 whip
rCold   . . .      Faith    .    (no shield)
rNeg    . . .      Spirit   .    a - +0 robe
rPois   .          Reflect  .    (helmet restricted)
rElec   .          Harm     .    s - +0 cloak
rCorr   .          Rampage  .    (no gloves)
Will    .....                    (boots unavailable)
Stlth   ++........               (no amulet)
HPRegen 0.24/turn                E - +4 ring of evasion
MPRegen 0.12/turn                (no ring)

@: lethally poisoned (-2 -> -26), flying quickly and evasively, quick
A: beak, talons 3, nimble flight
a: no special abilities


You were on level 3 of the Dungeon.
You visited 1 branch of the dungeon, and saw 4 of its levels.

You collected 1098 gold pieces.


Innate Abilities, Weirdness & Mutations

You have a beak for a mouth.
You have claws for feet.
Your magical nature lets you fly swiftly and evasively.


   Skills:
 - Level 2.1 Dodging
 - Level 2.0 Stealth
 + Level 2.7 Spellcasting
 * Level 4.2 Conjurations
 * Level 4.8 Fire Magic


You had 3 spell levels left.
You knew the following spells:

 Your Spells              Type           Power      Damage    Failure   Level
a - Foxfire               Conj/Fire      72%        2x1d7     2%          1
b - Scorch                Fire           38%        2d6       3%          2
c - Inner Flame           Hex/Fire       11%        N/A       19%         3

Your spell library contained the following spells:

 Spells                   Type           Power      Damage    Failure   Level
 Dazzling Flash           Conj/Hex       20%        N/A       22%         3
 Stone Arrow              Conj/Erth      20%        3d8       22%         3
 Kindle Blastsparks       Fire/Tloc/Air  16%        2d11      26%         3
 Gell's Gravitas          Tloc           2%         N/A       45%         3
 Lesser Beckoning         Tloc           4%         N/A       45%         3
 Teleport Other           Tloc           2%         N/A       45%         3
 Flame Wave               Conj/Fire      18%        2d7       26%         4
 Animate Armour           Summ/Erth      4%         N/A       86%         4
 Agony                    Necr           2%         N/A       99%         5
 Silence                  Hex/Air        1%         N/A       99%         5
 Lehudib's Crystal Spear  Conj/Erth      5%         10d3      100%        8
 Chain Lightning          Conj/Air       5%         3d6       100%        9
 Fire Storm               Conj/Fire      9%         8d2       100%        9
 Shatter                  Erth           1%         3d5*      100%        9

Inventory:

Hand Weapons
 j - a +1 whip (weapon)
   (You took it off a kobold on level 1 of the Dungeon)
Missiles
 d - 10 poisoned darts
 m - 13 stones
Armour
 a - a +0 robe (worn)
 s - a +0 cloak (worn)
   (You found it on level 3 of the Dungeon)
Jewellery
 E - a +4 ring of evasion (left hand)
   (You found it on level 1 of the Dungeon)
Wands
 r - a wand of charming (10)
   (You found it on level 3 of the Dungeon)
Scrolls
 h - 2 scrolls of teleportation {@r4}
 l - a scroll of acquirement
 o - a scroll of identify {@r1}
Potions
 b - a potion of magic
 c - a potion of attraction {unknown}
 e - a potion of curing {@q1}
 f - a potion of heal wounds {unknown}
 g - a potion of invisibility
 i - a potion of might
 k - 3 potions of degeneration {unknown}
 n - 2 potions of mutation {unknown}
 p - a potion of brilliance {unknown}

Dungeon Overview and Level Annotations

Branches:
Dungeon (4/15) Zot: 21127
 Temple: D:4-7

Altars:
Wu Jian
The Shining One

Shops:
D:3 :

Annotations:
D:4 2 runed translucent doors

.##
##.###.......[......#####....
#.###.####..######.#.#.##
#.### #...........# #..###.##
#.# ##...######.# #.## ##.#
#.# #....# #.# ####..###..##
#.# #....# #.# #......#.#..#
#.# ####.#
#.###.......##..###.### #.#
###.............รท..##....
#.# #...###.@...##...........
#.# #.#####.....#####.####...
#.# #.......###.# ##...###...
#.# #.###.#.# #.###.....##...
#.# #.###.#.###.##...โ€
...#...
#.###.###.#.....##..._...#...
#.#.......#.######.......#...
#...#####.#......##.....##...
#####.# #.#.########...#####.


There were no monsters in sight!


Message History

You lost 1 mp, and now have 7/10 mp.
An endoplasm is nearby!
An endoplasm is nearby!
An endoplasm is nearby!
Casting: Foxfire (safe; 2% risk of failure)
Confirm with . or Enter, or press ? or * to list all spells.
You conjure some foxfire!
The foxfire hits the endoplasm. x2
You kill the endoplasm!
Your magical contamination has completely faded away. ๐Ÿ˜Ž MP[-1]
You lost 1 mp, and now have 6/10 mp.
Key pressed, stopping explore.
Casting: Foxfire (safe; 2% risk of failure)
Confirm with . or Enter, or press ? or * to list all spells.
You conjure some foxfire!
m - 13 stones (gained 3);
o - a scroll of identify {@r1}
Things that are here:
a +0 short sword; a kobold corpse ๐Ÿ˜Ž MP[+2]
You regained 2 mp, and now have 8/10 mp.
An endoplasm comes into view. ๐Ÿ˜Ž MP[+2]
Your mp is fully restored (10).
Casting: Foxfire (safe; 2% risk of failure)
Confirm with . or Enter, or press ? or * to list all spells.
You conjure some foxfire!
The endoplasm quivers.
The foxfire hits the endoplasm. x2
You kill the endoplasm! ๐Ÿ˜Ž MP[-1]
You lost 1 mp, and now have 9/10 mp.
A gnoll sergeant comes into view.
It is wielding a +1 spear of venom. ๐Ÿ˜Ž MP[+1]
Your mp is fully restored (10).
A gnoll sergeant is nearby!
A gnoll sergeant is nearby!
Casting: Foxfire (safe; 2% risk of failure)
Confirm with . or Enter, or press ? or * to list all spells.
You conjure some foxfire! ๐Ÿ˜Ž MP[-1]
You lost 1 mp, and now have 9/10 mp.
A gnoll sergeant is nearby!
Unknown command.
Unknown command.
The foxfire hits the gnoll sergeant but does no damage.
The gnoll sergeant shouts!
The foxfire hits the gnoll sergeant but does no damage.
Casting: Foxfire (safe; 2% risk of failure)
Confirm with . or Enter, or press ? or * to list all spells.
You conjure some foxfire!
The foxfire hits the gnoll sergeant but does no damage.
A gnoll comes into view. It is wielding a +0 whip.
The foxfire hits the gnoll sergeant but does no damage. ๐Ÿ˜Ž MP[-1]
You lost 1 mp, and now have 8/10 mp.
Casting: Foxfire (safe; 2% risk of failure)
Confirm with . or Enter, or press ? or * to list all spells.
You conjure some foxfire!
A hobgoblin comes into view.
The foxfire hits the gnoll sergeant.
The foxfire hits the gnoll sergeant but does no damage.
A gnoll comes into view. It is wielding a +0 spear.
A gnoll comes into view.
It is wielding a +0 halberd. ๐Ÿ˜Ž MP[+1]
There is a stone staircase leading up here.
Casting: Foxfire (safe; 2% risk of failure)
Confirm with . or Enter, or press ? or * to list all spells.
You can't see any susceptible monsters within range! (Use Z to cast anyway.)
Casting: Foxfire (safe; 2% risk of failure)
Confirm with . or Enter, or press ? or * to list all spells.
You conjure some foxfire!
The foxfire hits the gnoll sergeant but does no damage.
The foxfire hits the gnoll sergeant.
The gnoll sergeant hits you from afar with a +1 spear of venom.
You are poisoned. ๐Ÿ˜• HP[-3] MP[-1]
You take 3 damage, and now have 25/28 hp.
You lost 1 mp, and now have 8/10 mp.
Casting: Foxfire (safe; 2% risk of failure)
Confirm with . or Enter, or press ? or * to list all spells.
Flames lash the gnoll sergeant but do no damage.
You feel sick.
You hear a shout!
A gnoll comes into view. It is wielding a +0 spear.
The gnoll sergeant barely misses you.
You feel sick.
The gnoll sergeant hits you from afar with a +1 spear of venom!
You are lethally poisoned! ๐Ÿ˜ฎ HP[-10] MP[-2]
You take 10 damage, and now have 15/28 hp.
MASSIVE DAMAGE!! (PAUSE)
You lost 2 mp, and now have 6/10 mp.
Unknown command.
* * * LOW HITPOINT WARNING * * *
You feel very sick.
The gnoll sergeant hits you from afar with a +1 spear of venom.
* * * LOW HITPOINT WARNING * * *
You are more poisoned.
You fly upwards.
You die...

Skill      XL: |  1  2  3  4 |
---------------+-------------+-----
Conjurations   | 2 3 4 |  4.2
Fire Magic     | 4 |  4.8
Dodging        | |  2.1
Stealth        | |  2.0
Spellcasting   | |  2.7

Action                   |  1- 3 |  4- 6 || total
-------------------------+-------+-------++-------
Melee: Whip              |     1 |     4 ||     5
       Kick              |     1 |     1 ||     2
       Peck              |       |     1 ||     1
 Cast: Foxfire           |    60 |    42 ||   102
       Scorch            |     8 |     8 ||    16
  Use: Scroll            |     5 |     3 ||     8
Armor: Robe              |     3 |       ||     3
Dodge: Dodged            |    14 |     9 ||    23

Levels and vault maps discovered:
D:1:      psy_arrival_heroes, layout_basic
D:2:      layout_loops_corners, hellmonk_ecumenical_altar_zigzags
D:3:      layout_loops_ring, nicolae_tso_swordbearing_angel, lemuel_round_altar,
          serial_shops, shop, minmay_misc_feat_encased,
          chequers_serial_rivers_micro_e, minmay_cupped
D:4:      layout_cave_pools, gammafunk_ghost_split

Notes
Turn   | Place    | Note
-------+----------+-------------------------------------------
     0 | D:1      | kae the Tengu Fire Elementalist began the quest for the
                  | Orb.
     0 | D:1      | Reached XP level 1. HP: 10/10 MP: 4/4
     0 | D:1      | magus.rc [v1.11.3]
   207 | D:1      | Reached skill level 2 in Conjurations
   207 | D:1      | Reached XP level 2. HP: 15/15 MP: 1/6
   307 | D:1      | Learned a level 2 spell: Scorch
   400 | D:1      | You pick up a book of Annihilations and begin reading...
   400 | D:1      | You add the spells Chain Lightning, Fire Storm and Shatter
                  | to your library.
   597 | D:1      | Reached XP level 3. HP: 19/19 MP: 4/7
   601 | D:1      | Learned a level 3 spell: Inner Flame
   652 | D:1      | You pick up a book of Displacement and begin reading...
   652 | D:1      | You add the spells Lesser Beckoning, Gell's Gravitas and
                  | Teleport Other to your library.
   723 | D:2      | Identified a scroll of acquirement
   723 | D:2      | Acquired 963 gold pieces
   887 | D:2      | Found a faded altar of an unknown god.
  1137 | D:2      | Reached skill level 4 in Fire Magic
  1418 | D:2      | Reached skill level 3 in Conjurations
  1427 | D:2      | You pick up a book of the Senses and begin reading...
  1427 | D:2      | You add the spells Dazzling Flash, Agony and Silence to
                  | your library.
  1712 | D:3      | Reached XP level 4. HP: 20/24 MP: 0/8
  1791 | D:3      | Found Edghea's Book Shop.
  2044 | D:3      | Noticed a necrophage
  2053 | D:3      | Killed a necrophage
  2054 | D:3      | Reached skill level 4 in Conjurations
  2054 | D:3      | Gained mutation: Your magical nature lets you fly swiftly
                  | and evasively. [Tengu growth]
  2054 | D:3      | Reached XP level 5. HP: 24/28 MP: 1/10
  2289 | D:3      | Found an ornate altar of the Wu Jian Council.
  2301 | D:3      | You pick up a book of Armaments and begin reading...
  2301 | D:3      | You add the spells Stone Arrow, Animate Armour and
                  | Lehudib's Crystal Spear to your library.
  2477 | D:3      | Found a glowing golden altar of the Shining One.
  2759 | D:4      | Found a runed translucent gate.
  2760 | D:4      | Found a runed translucent gate.
  2934 | D:4      | HP: 6/28 [gnoll sergeant/+1 spear of venom (5)]
  2935 | D:3      | Succumbed to a gnoll sergeant's poison

Vanquished Creatures
  A necrophage (D:3)
  2 adders
  3 dart slugs
  An orc (D:2)
  5 endoplasms
  6 giant cockroaches
  5 goblins
  5 hobgoblins
  4 quokkas
  6 ball pythons
  9 bats
  2 frilled lizards
  8 kobolds
  7 rats
64 creatures vanquished.

Vanquished Creatures (others)
  170 foxfires
170 creatures vanquished.

Grand Total: 234 creatures vanquished

Table legend:
 A = Non-vault XP
 B = Vault XP
 C = Vault XP percentage of total XP
 D = Non-vault monster count
 E = Vault monster count
 F = Vault count percentage of total count
                 A         B        C        D         E       F
            +---------+---------+-------+---------+---------+-------
      Total |     208 |       7 |   3.3 |      61 |       3 |   4.7
            +---------+---------+-------+---------+---------+-------
        D:1 |      34 |       0 |   0.0 |      20 |       0 |   0.0
        D:2 |      42 |       0 |   0.0 |      18 |       0 |   0.0
        D:3 |     122 |       7 |   5.4 |      18 |       3 |  14.3
        D:4 |      10 |       0 |   0.0 |       5 |       0 |   0.0
            +---------+---------+-------+---------+---------+-------

Illustrated notes

Table legend:
 A = Kills in this place as a percentage of kills in entire the game.
 B = Kills by you in this place as a percentage of kills by you in the entire game.
 C = Kills by friends in this place as a percentage of kills by friends in the entire game.
 D = Other kills in this place as a percentage of other kills in the entire game.
 E = Experience gained in this place as a percentage of experience gained in the entire game.
 F = Experience gained in this place divided by the number of levels of this place that you have seen.
                   A       B       C       D       E      F
               +-------+-------+-------+-------+-------+----------------------
         Total | 100.0 | 100.0 |   N/A |   N/A | 100.0 |  53.8
       Dungeon | 100.0 | 100.0 |   N/A |   N/A | 100.0 |  53.8
               +-------+-------+-------+-------+-------+----------------------

Table legend: (Time is in decaauts)
 A = Elapsed time spent in this place.
 B = Non-inter-level travel time spent in this place.
 C = Inter-level travel time spent in this place.
 D = Time resting spent in this place.
 E = Time spent auto-exploring this place.
 F = Levels seen in this place.
 G = Mean time per level.
                   A        B        C        D        E       F      G
               +--------+--------+--------+--------+--------+-----+--------+
         Total |   2872 |   2815 |     57 |      7 |   2377 |   4 |  718.0 |
       Dungeon |   2872 |   2815 |     57 |      7 |   2377 |   4 |  718.0 |
               +--------+--------+--------+--------+--------+-----+--------+

Top non-repeatable levels by time:
     D:3: 1002 daAuts
     D:2: 971 daAuts
     D:1: 715 daAuts
     D:4: 182 daAuts
